 Dungeon Crawl Stone Soup version 0.27.0-1-g7a089689b8 (webtiles) character file.

Game seed: 13803762830424407525

5849 Gwenloh the Magician (level 11, 0/79 HPs)
             Began as a Djinni Air Elementalist on Aug 2, 2021.
             Was a Priest of the Shining One.
             Slain by a skeletal warrior (12 damage)
             ... on level 8 of the Dungeon.
             The game lasted 00:44:39 (13792 turns).

Gwenloh the Magician (Djinni Air Elementalist)     Turns: 13792, Time: 00:44:40

Health: 0/79       AC: 12    Str:  7    XL:     11   Next: 7%
Gold:   635        EV: 14    Int: 21    God:    the Shining One [***...] SH:  0 Dex: 15

rFire    + + .     SeeInvis +   g - staff of conjuration
rCold    x . .     Faith    .   (no shield)
rNeg     + + .     Spirit   .   C - +2 steam dragon scales
rPois    ∞         Reflect  .   o - +3 crown of Dyrovepreva {rElec Int+2 SInv}
rElec    +         Harm     .   (no cloak)
rCorr    .         Rampage  .   y - +0 pair of gloves
Will     ++...                  (boots unavailable)
Stlth    +.........             (no amulet)
HPRegen  0.23/turn              i - ring of positive energy
MPRegen  0.00/turn              u - ring of willpower

@: flying, glowing
A: sickness immunity, fire resistance 2, cold vulnerability 1, float, innate
caster, hp casting, extra vitality 1
a: Renounce Religion, Divine Shield


You were on level 8 of the Dungeon.
You worshipped the Shining One.
The Shining One was most pleased with you.
You visited 2 branches of the dungeon, and saw 10 of its levels.

You collected 635 gold pieces.

Inventory:

Hand Weapons
 x - a +0 quarterstaff
Armour
 o - the +3 crown of Dyrovepreva (worn) {rElec Int+2 SInv}
   (You found it on level 4 of the Dungeon)

   Int:       It affects your intelligence (+2).
   rElec:     It insulates you from electricity.
   SInv:      It lets you see invisible.
 t - the +0 ring mail of the Midnight Sun {rElec rC+ Dex+4}
   (You found it on level 8 of the Dungeon)

   Dex:       It affects your dexterity (+4).
   rC:        It protects you from cold.
   rElec:     It insulates you from electricity.
 y - a +0 pair of gloves (worn)
 C - +2 steam dragon scales (worn)
Magical Staves
 g - a staff of conjuration (weapon)
Jewellery
 i - a ring of positive energy (left hand)
 u - a ring of willpower (right hand)
Wands
 h - a wand of acid (12)
 k - a wand of charming (8)
 v - a wand of iceblast (9)
 E - a wand of flame (17)
Scrolls
 a - a scroll of holy word {unknown}
 e - a scroll of summoning
 f - a scroll of enchant weapon
 j - 3 scrolls of teleportation
 l - a scroll of blinking
 p - 3 scrolls of magic mapping
 q - 4 scrolls of immolation
 s - 2 scrolls of fog {unknown}
 A - 3 scrolls of identify
 B - a scroll of torment {unknown}
 D - a scroll of vulnerability {unknown}
Potions
 b - a potion of brilliance {unknown}
 c - 7 potions of curing {unknown}
 d - a potion of heal wounds {unknown}
 m - 2 potions of lignification {unknown}
 n - a potion of mutation {unknown}
 r - 4 potions of degeneration {unknown}
 w - 3 potions of might {unknown}
 z - 2 potions of haste {unknown}
 F - a potion of berserk rage {unknown}


   Skills:
 + Level 7.0 Fighting
 + Level 4.5 Staves
 - Level 5.0 Armour
 - Level 5.0 Dodging
 - Level 1.5 Stealth
 - Level 2.0 Unarmed Combat
 * Level 7.5 Spellcasting
 + Level 6.2 Invocations


You had one spell level left.
You knew the following spells:

 Your Spells              Type           Power      Damage    Failure   Level
a - Shock                 Conj/Air       100%       1d9       1%          1
b - Static Discharge      Conj/Air       56%        N/A       1%          2
c - Swiftness             Air            39%        N/A       1%          3
d - Airstrike             Air            19%        N/A       3%          4
e - Beastly Appendage     Tmut           78%        N/A       1%          1
f - Slow                  Hex            39%        N/A       1%          2
g - Mephitic Cloud        Conj/Pois/Air  56%        N/A       1%          3
h - Dispel Undead         Necr           39%        3d16      3%          4
i - Olgreb's Toxic Radia  Pois           39%        N/A       3%          4
Your spell library was empty.

Dungeon Overview and Level Annotations

Branches:
Dungeon (9/15)             Temple (1/1) D:6            Lair (0/6) D:8
    Orc: D:9-12

Altars:
Ashenzari
Cheibriados
Dithmenos
Elyvilon
Fedhas
Gozag
Hepliaklqana
Kikubaaqudgha
Makhleb
Nemelex Xobeh
Okawaru
Ru
Sif Muna
Trog
Uskayaw
Vehumet
Wu Jian
Xom
Yredelemnul
Zin
The Shining One

Shops:
D:1 !   D:9 *

Annotations:
D:9 MoonlitKnight's ghost, journeyman MfIE


Innate Abilities, Weirdness & Mutations

You are immune to sickness and miasma.
You are immune to poison.
Your flesh is very heat resistant. (rF++)
You are vulnerable to cold. (rC-)
You float through the air rather than walking.
You learn spells naturally, not from books.
Your magical power is your life essence.
You have superior vitality. (+4 HP)


Message History

Confirm with . or Enter, or press ? or * to list all spells.
Aiming: Shock (safe; 1% risk of failure)
Press: ? - help, Shift-Dir - straight line, f/p - skeletal warrior
Aim: a skeletal warrior, wielding a +0 glaive (lightly damaged, haloed, 82% to hit)
You feel a surge of power!
The zap hits the skeletal warrior but does no damage.
The skeletal warrior is lightly damaged.
The zap hits the skeletal warrior.
The skeletal warrior is lightly damaged.
The skeletal warrior hits you from afar with a +0 trident.
Casting: Shock (safe; 1% risk of failure)
Confirm with . or Enter, or press ? or * to list all spells.
Aiming: Shock (safe; 1% risk of failure)
Press: ? - help, Shift-Dir - straight line, f/p - skeletal warrior
Aim: a skeletal warrior, wielding a +0 glaive (lightly damaged, haloed, 82% to hit)
You feel a surge of power!
The zap hits the skeletal warrior.
The skeletal warrior is lightly damaged.
The zap hits the skeletal warrior.
The skeletal warrior is lightly damaged.
The skeletal warrior hits you from afar with a +0 trident!
There is an open door here.
There is a large open door here.
Items here: )) ÷÷.
There is a large open door here.
The two-headed ogre shouts in stereo!
You hear a shout!
Items here: )) [[ ÷.
The two-headed ogre shouts in stereo!
Things that are here:
a +0 club; a gnoll skeleton
There is a transporter here.
The cyclops shouts!
The skeletal warrior hits you with a +0 trident!!
There is an escape hatch in the ceiling here.
The skeletal warrior misses you.
The skeletal warrior hits you with a +0 trident!!
* * * LOW HITPOINT WARNING * * *
A mysterious force pulls you upwards. The hatch slams shut behind you.
The skeletal warrior misses you.
The skeletal warrior hits you from afar with a +0 trident!
You die...

#.# #.# #.# #.# #.#.
#.## #.####.#
##.#####... ...#
##......#
#.).)......
#..#########...#####
#.#######.#
#.........[....# #.#
#.#
##.#########...###
###)#######.# #...##
###...#
#.......)...#
.....## ###.#
#....###....#
......# #@#
#.#..)≈...#..
.....##
#.#####..#)..#..##
....##
#.z...#.##...##.##
.#.##
#.#####..P......##
.### #.###
#≈..P>...≈## .#
#...# #..P...P..##
.# #.#.#
#.##..P##.##
.##########
#.#.###..#...#..##
..........#
#.#.##.#...≈...#.#


You could see a skeletal warrior.

Vanquished Creatures
  A two-headed ogre (D:9)
  A skeletal warrior (D:9)
  A deep troll (D:9)
  A moth of wrath (D:9)
  Maggie (D:7)
  A wyvern (D:8)
  A wraith (D:9)
  Edmund (D:5)
  2 water moccasins
  A black bear (D:5)
  4 orc warriors
  A sky beast (D:5)
  2 centaurs
  4 ogres
  2 phantoms
  5 bullfrogs
  2 gnoll sergeants
  2 kobold brigands
  3 scorpions
  A water moccasin skeleton (D:4)
  6 killer bees (D:9)
  3 howler monkeys
  A bullfrog zombie (D:5)
  2 centaur zombies
  4 hounds
  A jelly (D:8)
  6 orc priests
  A centaur skeleton (D:7)
  4 orc wizards
  A hound skeleton (D:5)
  2 howler monkey zombies
  2 adders
  8 gnolls
  2 worms (D:3)
  A dart slug (D:1)
  34 orcs
  3 bats
  6 endoplasms
  3 giant cockroaches
  9 goblins
  11 hobgoblins
  17 jackals
  16 kobolds
  4 quokkas
  11 ball pythons
  4 frilled lizards
  8 rats
207 creatures vanquished.

Vanquished Creatures (others)
  4 fungi (D:8)
  5 plants
9 creatures vanquished.

Grand Total: 216 creatures vanquished

Notes
Turn   | Place    | Note
-------+----------+-------------------------------------------
     0 | D:1      | Gwenloh the Djinni Air Elementalist began the quest for the
                  | Orb.
     0 | D:1      | Reached XP level 1. HP: 15/15 MP: 0/0
   385 | D:1      | Reached XP level 2. HP: 18/22 MP: 0/0
   558 | D:1      | Reached skill level 1 in Fighting
   939 | D:1      | Reached XP level 3. HP: 26/27 MP: 0/0
   939 | D:1      | Learned a level 1 spell: Beastly Appendage
  1744 | D:1      | Reached XP level 4. HP: 21/32 MP: 0/0
  2001 | D:1      | Found Keosh's Distillery.
  3075 | D:2      | Found a hazy altar of Hepliaklqana.
  3395 | D:3      | Found a faded altar of an unknown god.
  3402 | D:3      | Became a worshipper of the Shining One
  3402 | D:3      | Reached * piety under the Shining One
  3676 | D:3      | Reached XP level 5. HP: 26/38 MP: 0/0
  3676 | D:3      | Learned a level 2 spell: Slow
  4437 | D:4      | Found the +3 crown of Dyrovepreva {rElec Int+2 SInv}
  4727 | D:4      | Reached XP level 6. HP: 37/45 MP: 0/0
  5212 | D:5      | Entered Level 5 of the Dungeon
  5321 | D:5      | Reached ** piety under the Shining One
  5326 | D:5      | Reached skill level 1 in Invocations
  5449 | D:5      | Noticed an ogre
  5454 | D:5      | Killed an ogre
  5455 | D:5      | Reached skill level 1 in Armour
  5455 | D:5      | Reached XP level 7. HP: 17/50 MP: 0/0
  5455 | D:5      | Learned a level 3 spell: Mephitic Cloud
  5694 | D:5      | Noticed Edmund
  5707 | D:5      | Killed Edmund
  6019 | D:5      | Reached skill level 5 in Dodging
  6019 | D:5      | Reached XP level 8. HP: 41/58 MP: 0/0
  6994 | D:6      | Reached skill level 1 in Unarmed Combat
  7609 | D:6      | Reached XP level 9. HP: 49/63 MP: 0/0
  7609 | D:6      | Learned a level 4 spell: Dispel Undead
  7747 | D:6      | Reached skill level 5 in Spellcasting
  7825 | D:6      | Found a staircase to the Ecumenical Temple.
  7832 | Temple   | Entered the Ecumenical Temple
  8753 | D:7      | Reached skill level 1 in Staves
  8757 | D:7      | Reached skill level 5 in Fighting
  9041 | D:7      | Noticed Maggie
  9046 | D:7      | Killed Maggie
  9892 | D:8      | Identified the +0 ring mail of the Midnight Sun {rElec rC+
                  | Dex+4}
 10052 | D:8      | Reached XP level 10. HP: 71/72 MP: 0/0
 10187 | D:8      | Reached skill level 5 in Invocations
 10435 | D:8      | Found a staircase to the Lair.
 10440 | D:8      | Reached skill level 5 in Armour
 11053 | D:9      | Found Vabib's Gadget Gallery.
 11080 | D:9      | Noticed a two-headed ogre
 11080 | D:9      | Noticed a two-headed ogre
 11082 | D:9      | Noticed MoonlitKnight's ghost (journeyman MfIE)
 11082 | D:9      | Reached *** piety under the Shining One
 11083 | D:9      | Noticed a two-headed ogre
 11083 | D:9      | Noticed a moth of wrath
 11084 | D:9      | Noticed a deep troll
 11132 | D:9      | Noticed a cyclops
 11272 | D:9      | Noticed a skeletal warrior
 11683 | D:9      | Found a transporter.
 11685 | D:9      | Found a transporter.
 11728 | D:9      | Found a bloodstained altar of Trog.
 11754 | D:9      | Killed a moth of wrath
 11756 | D:9      | Killed a deep troll
 11762 | D:9      | Killed a two-headed ogre
 12148 | D:9      | Killed a skeletal warrior
 12271 | D:9      | Noticed a skeletal warrior
 12271 | D:9      | Noticed a skeletal warrior
 13460 | D:9      | Reached XP level 11. HP: 72/78 MP: 0/0
 13460 | D:9      | Learned a level 4 spell: Olgreb's Toxic Radiance
 13668 | D:9      | Identified the +8 hunting sling of Cheese {speed, rCorr
                  | Str+3}
 13792 | D:8      | Slain by a skeletal warrior

Illustrated notes

Levels and vault maps discovered:
D:1:      dpeg_arrival_morbid_curiosity, layout_loops_ring, serial_forest,
          infiniplex_forest_clump_small, infiniplex_forest_clump_tiny,
          infiniplex_forest_clump_double, infiniplex_forest_clump_small,
          infiniplex_forest_lined_corner, infiniplex_forest_lined_room_3,
          infiniplex_forest_clump_tiny, serial_shops, nicolae_lakefront_shop
D:2:      layout_basic, basic_altar, chequers_serial_rivers_micro_d,
          kennysheep_generic_room_9
D:3:      layout_basic, hellmonk_ecumenical_altar_pennies_from_heaven
D:4:      layout_basic, eino_small_chamber_without_monster,
          grunt_decor_mini_mirrors, minivault_4
D:5:      layout_loops_ring, uniq_edmund
D:6:      layout_basic, minmay_temple_entry_junction_2, mrwooster_statue_mirror
D:7:      layout_cave_pools, uniq_maggie
D:8:      layout_loops_ring, dpeg_oklobed_lair, kennysheep_generic_room_8
D:9:      layout_basic, gammafunk_ghost_wrathful_warriors, grunt_decor_fettered,
          nicolae_shop_gadgets
Temple:   kilobyte_greek_temple

Skill      XL: |  1  2  3  4  5  6  7  8  9 10 11 |
---------------+----------------------------------+-----
Fighting       | 1 2 3 4 5 6 7 |  7.0
Dodging        | 3 4 5 |  5.0
Spellcasting   | 3 4 6 7 |  7.5
Invocations    | 1 2 3 4 6 |  6.2
Armour         | 1 2 3 4 5 |  5.0
Unarmed Combat | 2 |  2.0
Staves         | 2 4 |  4.5
Stealth        | |  1.5

Action                   |  1- 3 |  4- 6 |  7- 9 | 10-12 || total
-------------------------+-------+-------+-------+-------++-------
Melee: Unarmed           |     2 |       |       |       ||     2
       Staff             |       |       |     1 |     2 ||     3
 Cast: Shock             |    75 |   112 |    84 |    84 ||   355
       Static Discharge  |       |    31 |    47 |    32 ||   110
       Airstrike         |       |       |    37 |    36 ||    73
       Mephitic Cloud    |       |       |     4 |     3 ||     7
       Swiftness         |       |       |       |     2 ||     2
Invok: Divine Shield     |       |     1 |       |     2 ||     3
  Use: Scroll            |       |     4 |     4 |       ||     8
Armor: Robe              |       |     5 |     9 |       ||    14
       Steam dragon scal |       |       |     8 |    10 ||    18
Dodge: Dodged            |     9 |    19 |    31 |    35 ||    94
Block: Other             |       |       |       |     3 ||     3
